[Event "Team 45 45 League T47"]
[Site "Internet Chess Club"]
[Date "2010.12.11"]
[Round "6"]
[White "Heian"]
[Black "Tamarin"]
[Result "0-1"]
[WhiteElo "1694"]
[BlackElo "1766"]
[Opening "Giuoco Piano"]
[ECO "C50"]
[Time "20:00:27"]
[TimeControl "2700+45"]

1. e4 e5 2. Nf3 Nc6 3. Bc4 Bc5 4. O-O Nf6 5. d3 d6 6. h3 Be6 7. Bxe6 fxe6 8. Nc3
O-O 9. Na4 Bb6 10. Nxb6 axb6 11. c3 Qe7 12. Be3 Rf7 13. a3 h6 14. Nh2 Raf8 15.
Ng4 Kh7 16. f4 exf4 17. Bxf4 Nxe4 18. dxe4 Rxf4 19. Qd3 e5 20. g3 Rxf1+ 21. Rxf1
Rxf1+ 22. Qxf1 Qg5 23. Qf2 h5 24. Ne3 Ne7 25. Kh2 Qf6 26. Qe2 g6 27. Kg2 Qe6 28.
c4 Qd7 29. b3 Nc6 30. Nd5 Kg7 31. b4 Nd4 32. Qf2 Qd8 33. Ne3 c6 34. Nc2 Qf8 35.
Qxf8+ Kxf8 36. Ne3 Kf7 37. g4 hxg4 38. hxg4 Kf6 39. Kg3 Kg5 40. a4 Ne2+ 41. Kf3
Nc3 42. a5 bxa5 43. bxa5 Na4 44. Nd1 Nc5 45. Nf2 Nb3 46. Nd3 Nxa5 47. c5 dxc5
48. Nxc5 b5 49. Ne6+ Kf6 50. Nc5 b4 51. Ke3 b3 52. Kd2 Kg5 53. Nd3 Nc4+ 54. Kc3
b2 55. Kc2 Kxg4 56. Nb4 Kf4 57. Nxc6 Kxe4 58. Nb4 g5 59. Na2 g4 60. Nc3+ Ke3 61.
Nd5+ Kd4 62. Nc3 e4 63. Ne2+ Ke3 64. Ng3 Kf3 65. Nf5 g3 66. Nh4+ Kf2 67. Kb1 g2
68. Nxg2 Kxg2 69. Kc2 e3 70. Kb3 b1=Q+ 71. Ka4 Ne5 72. Ka3 e2 73. Ka4 e1=Q 74.
Ka3 Qa5# {White checkmated} 0-1

[Event "Team 45 45 League T47"]
[Site "Internet Chess Club"]
[Date "2010.12.10"]
[Round "6"]
[White "Schack"]
[Black "ElMarginal"]
[Result "1-0"]
[WhiteElo "1697"]
[BlackElo "1551"]
[Opening "QGD: Marshall defense"]
[ECO "D06"]
[Time "20:00:32"]
[TimeControl "2700+45"]

1. d4 d5 2. c4 Nf6 3. cxd5 Nxd5 4. Nf3 e6 5. e4 Nf6 6. Nc3 Be7 7. Bd3 b6 8. O-O
Ba6 9. Bxa6 Nxa6 10. Qa4+ Nd7 11. Qxa6 O-O {Black resigns} 1-0

[Event "Team 45 45 League T47"]
[Site "Internet Chess Club"]
[Date "2010.12.12"]
[Round "6"]
[White "Deckfuel"]
[Black "backrankbrawler"]
[Result "1-0"]
[WhiteElo "1995"]
[BlackElo "1701"]
[Opening "Dunst (Sleipner, Heinrichsen) opening"]
[ECO "A00"]
[Time "05:00:10"]
[TimeControl "2700+45"]

1. Nc3 c5 2. Nf3 e6 3. d4 cxd4 4. Nxd4 Nf6 5. Bf4 d6 6. Ndb5 e5 7. Bg5 a6 8.
Bxf6 gxf6 9. Na3 b5 10. Nd5 Bb7 11. g3 Nd7 12. Bg2 Rb8 13. O-O Nb6 14. Rc1 h5
15. h4 Nxd5 16. Bxd5 Qb6 17. c4 b4 18. Nc2 a5 19. Ne3 Bh6 20. Bxb7 Rxb7 21. Nd5
Qd8 22. e3 Bf8 23. Qf3 Be7 24. Nxf6+ Bxf6 25. Qxb7 Bxh4 26. Qc6+ Kf8 27. Rcd1
Be7 28. c5 h4 29. cxd6 Bg5 30. d7 Kg7 31. Qd6 Bf6 32. Rc1 Qa8 33. Rc6 {Black
resigns} 1-0

[Event "Team 45 45 League T47"]
[Site "Internet Chess Club"]
[Date "2010.12.12"]
[Round "6"]
[White "Buford-Julep"]
[Black "Goli"]
[Result "0-1"]
[WhiteElo "1599"]
[BlackElo "1734"]
[Opening "Pirc: Austrian attack, 6.Bd3"]
[ECO "B06"]
[Time "16:01:04"]
[TimeControl "2700+45"]

1. e4 g6 2. d4 Bg7 3. Nc3 d6 4. f4 Nf6 5. Nf3 O-O 6. Bd3 c5 7. dxc5 dxc5 8. e5
Nd5 9. Nxd5 Qxd5 10. Qe2 Bg4 11. Be4 Qd7 12. Be3 Qc7 13. h3 Bd7 14. O-O Na6 15.
Rad1 Rad8 16. Rd2 Bc6 17. Bxc6 Rxd2 18. Qxd2 Qxc6 19. Rd1 e6 20. a3 b6 21. Qd7
Qa8 22. Ng5 h6 23. Nf3 Rc8 24. Kf2 c4 25. c3 Nc7 26. Bc1 Nd5 27. Rd4 Rc7 28. Qa4
Qc8 29. Nd2 Bf8 30. Rxc4 Bc5+ 31. Kg3 Ne3 32. Re4 Nf5+ 33. Kh2 Qd8 34. Nf3 Qd3
35. Qe8+ Kg7 36. Re1 Bf2 37. Qb8 Rd7 38. Qa8 Bxe1 39. Nxe1 Qg3+ 40. Kg1 Qxe1+
41. Kh2 Qg3+ {White resigns} 0-1

[Event "Team 45 45 League T47"]
[Site "Internet Chess Club"]
[Date "2010.12.11"]
[Round "6"]
[White "randallsr"]
[Black "oldsj"]
[Result "1-0"]
[WhiteElo "1761"]
[BlackElo "1584"]
[Opening "Réti opening"]
[ECO "A05"]
[Time "10:01:10"]
[TimeControl "2700+45"]

1. Nf3 Nf6 2. b3 g6 3. c4 Bg7 4. Bb2 O-O 5. g3 d6 6. d3 e5 7. Nbd2 Nbd7 8. Bg2
Ne8 9. O-O f5 10. Ne1 Nef6 11. e3 c6 12. f4 Ng4 13. Nc2 Qb6 14. d4 e4 15. h3
Ngf6 16. c5 dxc5 17. dxc5 Nxc5 18. Ba3 Rd8 19. Qe2 Nd3 20. Nc4 Qc7 21. Bb2 b5
22. Be5 Qe7 23. Na5 Bd7 24. Bxf6 Bxf6 25. Rab1 Bc3 26. b4 {Black forfeits on
time} 1-0